 Dungeon Crawl Stone Soup version 0.23.0-33-g5e6c059 (webtiles) character file.

Game seed: 8065848760636634403

28 Borgoz the Sneak (level 3, 0/30 HPs)
             Began as a Ghoul Assassin on Feb 26, 2019.
             Slain by a gnoll (8 damage)
             ... on level 2 of the Dungeon.
             The game lasted 00:02:53 (862 turns).

Borgoz the Sneak (Ghoul Assassin)                    Turns: 862, Time: 00:02:54

Health: 0/30       AC:  3    Str: 14    XL:     3   Next: 12%
Magic:  2/2        EV: 12    Int:  7    God:
Gold:   74         SH:  0    Dex: 10    Spells: 2/2 levels left

rFire    . . .     SeeInvis .   (no weapon)
rCold    + . .     Gourm    .   (no shield)
rNeg     + + +     Faith    .   c - +0 robe
rPois    ∞         Spirit   .   (no helmet)
rElec    .         Reflect  .   d - +0 cloak
rCorr    .         Harm     .   (no gloves)
MR       .....                  (no boots)
Stlth    ++........             (no amulet)
HPRegen  0.00/turn              (no ring)
MPRegen  0.08/turn              (no ring)

@: rotting
A: rotting body, claws 1, carnivore, cold resistance 1, negative energy
resistance 3, inhibited regeneration, torment resistance, unbreathing
a: no special abilities


You were on level 2 of the Dungeon.
You were not hungry.

You visited 1 branch of the dungeon, and saw 2 of its levels.

You collected 74 gold pieces.

Inventory:

Hand Weapons
 b - a +0 blowgun
Missiles
 e - 8 poisoned needles
 f - 2 curare-tipped needles
Armour
 c - a +0 robe (worn)
 d - a +0 cloak (worn)
Jewellery
 r - an uncursed ring of positive energy {unknown}
Scrolls
 i - a scroll of blinking {unknown}
 j - a scroll of teleportation {unknown}
 m - a scroll of amnesia {unknown}
 n - 2 scrolls of identify {unknown}
 p - a scroll of enchant weapon {unknown}
Potions
 a - 2 potions of cancellation {unknown}
 h - a potion of ambrosia {unknown}
 l - a potion of agility {unknown}
 o - a potion of heal wounds {unknown}
 q - 2 potions of curing {unknown}
Comestibles
 g - 2 rations


   Skills:
 + Level 2.4 Fighting
   Level 1.7 Short Blades
 + Level 2.1 Throwing
 + Level 0.8 Armour
 + Level 1.2 Dodging
 + Level 4.6 Stealth
 + Level 0.9 Unarmed Combat


You had 2 spell levels left.
You didn't know any spells.
Your spell library was empty.

Dungeon Overview and Level Annotations

Branches:
Dungeon (2/15)

Altars:

Annotations:
D:1 1 runed translucent door


Innate Abilities, Weirdness & Mutations

Your body is rotting away.
You thrive on raw meat.
You are immune to poison.
You have sharp fingernails.
You are carnivorous and can eat meat at any time.
Your flesh is cold resistant. (rC+)
You are immune to negative energy. (rN+++)
You do not regenerate when monsters are visible.
You are immune to unholy pain and torment.
You can survive without breathing.


Message History

The gnoll barely misses you.
You barely miss the gnoll.
The gnoll is severely wounded.
The gnoll hits you.
You scratch the gnoll but do no damage.
The gnoll is severely wounded.
The gnoll hits you.
You scratch the gnoll but do no damage.
The gnoll is severely wounded.
The gnoll closely misses you.
Okay, then.
Found a pair of gloves.
You see here a bat corpse.
You butcher the bat corpse.
The gnoll hits you.
* * * LOW HITPOINT WARNING * * *
Things that are here:
a chunk of flesh; a bat skeleton Eat a chunk of flesh? (ye/n/q)
You eat the chunk of flesh.
This raw flesh tastes great!
The gnoll hits you!
You die...

.# # ##g# # ...# # ###..
+# ### .... ... #.##
#.## .... ...# #..##
.?...
#.#########...####......
..............gg@.......
#.########....####......
#.# #...## ..... #.###
#...# .... ....# #.....
[.. ..#.# #.#.#.# +#
.##.# #.#.#.# .##.#
#.... . .##.#


You could see 2 gnolls.

Vanquished Creatures
  A dart slug (D:1)
  A leopard gecko (D:1)
  3 giant cockroaches (D:1)
  2 goblins
  2 hobgoblins (D:1)
  7 bats
  7 kobolds
  2 rats
25 creatures vanquished.

Notes
Turn   | Place    | Note
-------+----------+-------------------------------------------
     0 | D:1      | Borgoz the Ghoul Assassin began the quest for the Orb.
     0 | D:1      | Reached XP level 1. HP: 17/17 MP: 0/0
     2 | D:1      | Found a runed translucent door.
    67 | D:1      | Reached skill level 1 in Dodging
    73 | D:1      | Reached XP level 2. HP: 5/24 MP: 1/1
   674 | D:2      | Reached XP level 3. HP: 13/30 MP: 2/2
   862 | D:2      | Slain by a gnoll

Skill      XL: |  1  2 |
---------------+-------+-----
Dodging        | 1 |  1.2
Throwing       | 2 |  2.1
Fighting       | |  2.4
Short Blades   | |  1.7
Armour         | |  0.8
Stealth        | |  4.6
Unarmed Combat | |  0.9

Action                   || total
-------------------------++-------
Melee: Unarmed           ||   121
 Stab: Sleeping          ||     5
  Eat: Chunk             ||    14
Armor: Robe              ||    20
Dodge: Dodged            ||    69
